 Dungeon Crawl Stone Soup version 0.31-a0-557-g6e16503903 (webtiles) character file.

Game seed: 7989141875610494093

1240 Zonian the Ducker (level 8, -1/63 HPs)
             Began as a Merfolk Shapeshifter on Aug 17, 2023.
             Was an Initiate of Hepliaklqana.
             Slain by a hornet (8 damage)
             ... on level 6 of the Dungeon.
             The game lasted 00:11:26 (6984 turns).

Zonian the Ducker (Merfolk Shapeshifter)            Turns: 6984, Time: 00:11:28

Health: -1/63      AC: 11    Str: 17    XL:     8   Next: 49%
Magic:  0/8        EV: 13    Int:  8    God:    Hepliaklqana [......]
Gold:   332        SH:  0    Dex: 14    Spells: 7/7 levels left

rFire   . .          .
                       - Unarmed
rCold   + + .        (no shield)
rNeg    . . .        m - +2 ring mail {rC+}
rPois   .            (helmet currently unavailable)
rElec   .            (cloak currently unavailable)
rCorr   .            (gloves currently unavailable)
SInv    .            (boots currently unavailable)
Will    .....        l - amulet of guardian spirit
Stlth   +            f - ring of protection from cold
HPRegen 0.30/turn    s - +4 ring of protection
MPRegen 0.11/turn

%: guardian spirit
@: lethally poisoned (-1 -> -5), beast-form, slowed, very slow
A: beast (slay +4), (nimble swimmer 2), mertail
a: Begin Untransformation, Renounce Religion


You were on level 6 of the Dungeon.
You worshipped Hepliaklqana.
Hepliaklqana was noncommittal.
You were a hulking beast.
You visited 2 branches of the dungeon, and saw 7 of its levels.

You collected 332 gold pieces.

Inventory:

Missiles
 p - a throwing net
Armour
 a - a +1 animal skin
 e - a +0 ring mail
 m - a +2 ring mail of cold resistance (worn)
Jewellery
 f - a ring of protection from cold (left hand)
 l - an amulet of guardian spirit (around neck)
 s - a +4 ring of protection (right hand)
Talismans
 c - a beast talisman (active)
 d - a flux talisman
Wands
 j - a wand of roots (13)
 q - a wand of paralysis (12)
Scrolls
 i - 2 scrolls of silence
 k - a scroll of immolation
 r - a scroll of fog
 w - a scroll of acquirement {unknown}
Potions
 b - a potion of lignification
 g - 4 potions of curing
 h - 2 potions of attraction {unknown}
 n - 2 potions of heal wounds {unknown}
 o - a potion of magic {unknown}
 t - a potion of enlightenment {unknown}


   Skills:
 + Level 5.4 Fighting
 + Level 7.0 Dodging
 + Level 6.3 Unarmed Combat
 + Level 6.7 Shapeshifting


You had 7 spell levels left.
You didn't know any spells.
Your spell library contained the following spells:

 Spells                   Type           Power      Damage    Failure   Level
 Wereblood                Tmut           0%         N/A       77%         2
 Dazzling Flash           Conj/Hex       0%         N/A       94%         3
 Volatile Blastmotes      Fire/Tloc      0%         2d10      94%         3
 Alistair's Intoxication  Tmut/Pois      0%         N/A       100%        5
 Borgnjor's Vile Clutch   Necr/Erth      0%         N/A       100%        5
 Irradiate                Conj/Tmut      0%         3d11      100%        5
 Eringya's Noxious Bog    Tmut/Pois      0%         4d6       100%        6
 Starburst                Conj/Fire      0%         6d3       100%        6
 Maxwell's Capacitive Co  Air            0%         ∞         100%        8


Dungeon Overview and Level Annotations

Branches:
Dungeon (6/15)             Temple (1/1) D:5

Altars:
Cheibriados
Elyvilon
Fedhas
Gozag
Hepliaklqana
Kikubaaqudgha
Makhleb
Nemelex Xobeh
Ru
Sif Muna
Wu Jian
Yredelemnul
Zin
The Shining One

Shops:
D:2 (

Annotations:
D:6 2 transporters, wormstring's ghost, novice BaHu


Innate Abilities, Weirdness & Mutations

You are a hulking beast.
Your limbs bulge with bestial killing power. (Slay +4)
((You are very nimble when in or above water. (Stealth+, EV+, Speed+++)))
Your lower body shifts to a powerful aquatic tail in water.


Message History

The hornet stings you!
You suddenly lose the ability to move!
You can move again.
You hit the hornet.
The hornet is moderately wounded.
The grasping roots constrict the hornet.
The roots release their grip on the hornet.
The hornet stings you but does no damage.
The hornet closely misses you.
You completely miss the hornet. You punch the hornet, but do no damage.
The hornet is moderately wounded.
The hornet stings you.
You feel yourself slow down.
You hit the hornet but do no damage.
The hornet is moderately wounded.
You feel yourself speed up. The hornet stings you!
You suddenly lose the ability to move!
The hornet stings you but does no damage.
You can move again.
You hit the hornet.
The hornet is heavily wounded.
The hornet closely misses you.
You closely miss the hornet.
The hornet is heavily wounded.
The hornet stings you!
You are poisoned.
You shrug off the repeated paralysis!
You hit the hornet but do no damage.
The hornet is heavily wounded.
You feel very sick. The hornet misses you.
You miss the hornet.
The hornet is heavily wounded.
You feel sick. The hornet stings you!
You feel yourself slow down. The hornet closely misses you.
You hit the hornet.
The hornet is severely wounded.
You feel yourself speed up.
You feel sick. The hornet stings you!
* * * LOW HITPOINT WARNING * * *
You feel yourself slow down. The hornet stings you!
You die...

##
#########*#######.
#.y......,........
#h#********######.
#.# #. #.# #. #.##
#. ##..## #.
#..#.# #########.
##..## #.........
##.# #.#######.
#.# #.# ####.


You could see a hornet.

Vanquished Creatures
  Menkaure (D:4)
  Duvessa (D:6)
  2 black bears
  An ice beast (D:5)
  2 gnoll sergeants
  Dowan (D:6)
  2 hounds
  An orc priest (D:4)
  2 jellies
  A gnoll bouda (D:6)
  An iguana (D:5)
  Jessica (D:3)
  2 orc wizards
  12 gnolls
  4 adders
  A shadow imp (D:6)
  2 white imps
  3 worms
  A dart slug (D:1)
  13 orcs
  10 ball pythons
  5 bats
  10 endoplasms
  4 giant cockroaches
  14 goblins
  3 hobgoblins
  8 kobolds
  3 quokkas
  6 frilled lizards
  9 rats
126 creatures vanquished.

Notes
Turn   | Place    | Note
-------+----------+-------------------------------------------
     0 | D:1      | Zonian the Merfolk Shapeshifter began the quest for the
                  | Orb.
     0 | D:1      | Reached XP level 1. HP: 15/15 MP: 1/1
   169 | D:1      | Reached XP level 2. HP: 18/21 MP: 2/2
   170 | D:1      | Reached skill level 3 in Dodging
   702 | D:1      | Reached XP level 3. HP: 18/27 MP: 3/3
  1291 | D:2      | Reached XP level 4. HP: 15/33 MP: 4/4
  1840 | D:2      | Found Ehynyut's Weapon Boutique.
  2003 | D:3      | Noticed Jessica
  2013 | D:3      | Killed Jessica
  2288 | D:3      | Found a sacrificial altar of Ru.
  2503 | D:3      | Reached skill level 4 in Dodging
  2597 | D:3      | Reached XP level 5. HP: 39/39 MP: 5/5
  3053 | D:4      | Noticed a black bear
  3244 | D:4      | Killed a black bear
  3245 | D:4      | Reached skill level 5 in Shapeshifting
  3642 | D:4      | Reached XP level 6. HP: 47/47 MP: 6/6
  3837 | D:4      | Noticed Menkaure
  3853 | D:4      | Killed Menkaure
  3854 | D:4      | Reached skill level 5 in Dodging
  4574 | D:5      | Entered Level 5 of the Dungeon
  4616 | D:5      | Reached skill level 5 in Unarmed Combat
  4616 | D:5      | Reached XP level 7. HP: 33/53 MP: 3/7
  5625 | D:5      | Reached skill level 6 in Dodging
  5730 | D:5      | Found a staircase to the Ecumenical Temple.
  5750 | Temple   | Entered the Ecumenical Temple
  5815 | Temple   | Became a worshipper of Hepliaklqana the Forgotten
  6033 | D:6      | Reached XP level 8. HP: 61/61 MP: 8/8
  6062 | D:6      | Noticed Duvessa
  6063 | D:6      | Noticed Dowan
  6073 | D:6      | Killed Duvessa
  6090 | D:6      | Killed Dowan
  6091 | D:6      | Reached skill level 5 in Fighting
  6259 | D:6      | Noticed a yak
  6259 | D:6      | Noticed a vampire
  6634 | D:6      | Found a transporter.
  6643 | D:6      | Found a transporter.
  6643 | D:6      | Noticed wormstring's ghost (novice BaHu)
  6747 | D:6      | Reached skill level 7 in Dodging
  6975 | D:6      | Noticed a hornet
  6976 | D:6      | Paralysed by a hornet for 1 turns
  6979 | D:6      | Paralysed by a hornet for 1 turns
  6984 | D:6      | Slain by a hornet

Illustrated notes

Levels and vault maps discovered:
D:1:      matt_arrival_diagonals, layout_loops_corners
D:2:      layout_basic, serial_shops, shop, serial_bayou_pond_b,
          minmay_misc_feat_rows, st_stairs_3
D:3:      layout_loops_ring, marbit_many_paths, minmay_misc_feat_hallway,
          bh_walls_and_bars, uniq_jessica
D:4:      layout_loops_corners, uniq_menkaure
D:5:      layout_cave_pools, minmay_temple_entry_hall, serial_bayou_lagoon_b
D:6:      layout_loops_ring, gammafunk_ghost_gnarly_gnolls,
          minmay_parallelograms, lightli_corner_chamber, uniq_duvessa
Temple:   compressed_dpeg_triangle_lava_temple

Skill      XL: |  1  2  3  4  5  6  7  8 |
---------------+-------------------------+-----
Dodging        | 3 4 5 6 7 |  7.0
Fighting       | 2 3 4 5 |  5.4
Unarmed Combat | 4 5 6 |  6.3
Shapeshifting  | 5 6 |  6.7

Action                     |  1- 3 |  4- 6 |  7- 9 || total
---------------------------+-------+-------+-------++-------
  Melee: Unarmed           |   100 |   142 |   161 ||   403
         Punch             |     2 |     1 |     6 ||     9
         Tailslap          |       |       |     5 ||     5
  Evoke: Wand              |       |       |     3 ||     3
    Use: Scroll            |       |     8 |     4 ||    12
   Stab: Sleeping          |     2 |     4 |       ||     6
 Armour: Animal skin       |    15 |     6 |       ||    21
         Ring mail         |       |    43 |    57 ||   100
  Dodge: Dodged            |    68 |    74 |   127 ||   269

Table legend: (Time is in decaauts)
 A = Elapsed time spent in this place.
 B = Non-inter-level travel time spent in this place.
 C = Inter-level travel time spent in this place.
 D = Time resting spent in this place.
 E = Time spent auto-exploring this place.
 F = Levels seen in this place.
 G = Mean time per level.
                   A        B        C        D        E       F      G
               +--------+--------+--------+--------+--------+-----+--------+
         Total |   6903 |   6616 |    287 |   1683 |   3803 |   7 |  986.1 |
       Dungeon |   6828 |   6550 |    278 |   1683 |   3803 |   6 | 1138.0 |
        Temple |     74 |     65 |      9 |      0 |      0 |   1 |   74.0 |
               +--------+--------+--------+--------+--------+-----+--------+

Top non-repeatable levels by time:
     D:4: 1962 daAuts
     D:2: 1215 daAuts
     D:3: 980 daAuts
     D:6: 939 daAuts
     D:1: 893 daAuts
     D:5: 836 daAuts
  Temple: 74 daAuts
